 Dungeon Crawl Stone Soup version bcrawl-1.41.1 (webtiles) character file.

Game seed: 11273641473380323713

549318 Grimmash the Spear-Bearer (level 17, -7/128 HPs)
             Began as a Formicid Archaeologist on Apr 18, 2024.
             Was the Champion of Cheibriados.
             Shot with a sling bullet by a satyr (27 damage)
             ... on level 2 of the Shoals.
             The game lasted 00:45:31 (25529 turns).

Grimmash the Spear-Bearer (Formicid Archaeologist) Turns: 25529, Time: 00:45:31

Health: -7/128     AC: 34    Str: 40    XL:     17   Next: 68%
Magic:  23/23      EV: 13    Int: 30    God:    Cheibriados [******]
Gold:   552        SH: 21    Dex: 22    Spells: 16/16 levels left

rFire    + . .     GDR:     39% a - +11 halberd of Psychosis {flame, rC+++ Dex-2 Stlth+}
rCold    + + +     SeeInvis +   W - +0 medium shield
rNeg     . . .     Gourm    .   g - +8 crystal plate armour "Ywurog" {+Blink Slay+3 SInv}
rPois    +         Faith    .   (helmet unavailable)
rElec    +         Spirit   .   v - +0 cloak
rCorr    +         Reflect  +   B - +0 pair of gloves
MR       +....     Clarity  +   d - +2 pair of boots
Stlth    ..........             i - +6 amulet of reflection
HPRegen  0.31/turn              z - ring "Katzagupt" {Str+3 Slay+4}
MPRegen  0.18/turn              y - +2 ring of slaying

@: resistant, very slow
A: permanent stasis, dig shafts and tunnels, four strong arms, antennae 3
a: Dig, Shaft Self, Bend Time, Defer, Temporal Distortion, Step From Time,
Renounce Religion


You were on level 2 of the Shoals.
You worshipped Cheibriados.
Cheibriados was exalted by your worship.
You were not hungry.

You visited 6 branches of the dungeon, and saw 26 of its levels.
You visited 1 bazaar.
You also visited: Gauntlet.

You collected 2248 gold pieces.
You spent 1696 gold pieces at shops.

Inventory:

Hand Weapons
 a - the +11 halberd of Psychosis (weapon) {flame, rC+++ Dex-2 Stlth+}
   (You took it off an orc on level 8 of the Dungeon)

   It has been specially enchanted to surge with flame as it hits, increasing
   damage dealt by approximately one third against foes not resistant or
   susceptible to fire.
   Its heat also prevents any hydra heads it cuts off from regrowing.
   It affects your dexterity (-2).
   It renders you almost immune to cold.
   It makes you more stealthy.
 b - a +3 shortbow of flaming
 p - the +9 battleaxe "Qeonodgh" {chop, rElec rPois Int+3}
   (You found it on level 6 of the Lair of Beasts)

   It will always inflict at least some extra damage.
   This minimum extra damage increases with your current reserve of magical
   power.
   It affects your intelligence (+3).
   It insulates you from electricity.
   It protects you from poison.
 D - a +0 blowgun
 I - a +0 great mace
 T - the cursed +1 executioner's axe of Rozovuimy {drain, rF+ Str+3 Int-4 Dex+6}
   (You took it off a minotaur in a Gauntlet)

   A truly terrible weapon, it drains the life of those it strikes.
   It affects your strength (+3).
   It affects your intelligence (-4).
   It affects your dexterity (+6).
   It protects you from fire.
   It has a curse placed upon it.
 V - a +2 hunting sling of flaming
Missiles
 h - 36 curare-tipped needles
 l - 5059 arrows
 n - 2468 sling bullets
 u - 319 poisoned tomahawks (quivered)
 A - 231 javelins
 G - a throwing net {=f}
 O - 2276 bolts
 R - 151 steel javelins
Armour
 d - a +2 pair of boots (worn)
 g - the +8 crystal plate armour "Ywurog" (worn) {+Blink Slay+3 SInv}
   (You acquired it on level 3 of the Dungeon)

   It affects your accuracy and damage with ranged weapons and melee attacks
   (+3).
   It lets you see invisible.
   It lets you blink.
 v - a +0 cloak (worn)
 B - a +0 pair of gloves (worn)
 W - a +0 medium shield (worn)
Jewellery
 i - a +6 amulet of reflection (around neck)
 o - an uncursed ring of insulation
 y - a +2 ring of slaying (right hand)
 z - the ring "Katzagupt" (left hand) {Str+3 Slay+4}
   (You bought it in a shop on level 11 of the Dungeon)

   [ring of slaying]

   It affects your strength (+3).
   It affects your accuracy and damage with ranged weapons and melee attacks
   (+4).
 U - an uncursed ring of resist corrosion
Wands
 C - a wand of disintegration (10)
 E - a wand of digging (11)
 F - a wand of acid (8)
 P - a wand of flame (63)
 Q - a wand of iceblast (7)
 X - a wand of paralysis (24)
Scrolls
 c - 4 scrolls of amnesia
 f - 4 scrolls of revelation
 j - a scroll of fear
 k - 5 scrolls of remove curse
 q - a scroll of immolation
 t - 4 scrolls of enchant weapon
 x - 7 scrolls of fog
Potions
 m - 7 potions of heal wounds
 r - 2 potions of might
 s - 16 potions of curing
 w - 2 potions of resistance
 H - 2 potions of flight
 J - 2 potions of haste
 K - 2 potions of agility
 M - 3 potions of ambrosia
 Z - 5 potions of mutation
Miscellaneous
 L - 2 boxes of beasts
 Y - 2 phantom mirrors
Comestibles
 e - 31 rations {!d}


   Skills:
 * Level 10.2 Fighting
 * Level 10.9(14.2) Axes
 * Level 10.3(12.2) Maces & Flails
 * Level 11.9(13.5) Polearms
 * Level 2.8(3.1) Slings
 * Level 10.5 Bows
 + Level 1.6(2.3) Throwing
 * Level 10.3 Armour
 * Level 9.1 Dodging
 + Level 4.5 Stealth
 * Level 11.0 Shields
 * Level 9.0 Invocations
 * Level 9.0 Evocations


You had 16 spell levels left.
You didn't know any spells.
Your spell library contained the following spells:

 Spells                   Type           Power        Failure   Level  Hunger
 Corona                   Hex            #......      94%         1    None
 Magic Dart               Conj           #...         94%         1    None
 Static Discharge         Air            #.....       94%         1    None
 Call Imp                 Summ           #.....       98%         2    ####...
 Shackle                  Hex            #.......     98%         2    ####...
 Shock                    Conj/Air       #......      98%         2    ####...
 Swiftness                Chrm/Air       #.......     98%         2    ####...
 Conjure Flame            Conj/Fire      #.......     100%        3    #####..
 False Image              Hex/Summ       #.......     100%        3    #####..
 Inner Flame              Hex/Fire       N/A          100%        3    #####..
 Mephitic Cloud           Conj/Pois/Air  #.......     100%        3    #####..
 Spider Form              Tmut/Pois      #..          100%        3    #####..
 Cause Fear               Hex            #.........   100%        4    ######.
 Lightning Bolt           Conj/Air       #.......     100%        4    ######.
 Yara's Violent Unravell  Hex/Tmut       #.........   100%        4    ######.
 Bolt of Magma            Conj/Fire/Erth #.........   100%        5    #######
 Fireball                 Conj/Fire      #.........   100%        5    #######
 Steam Barrier            Chrm/Fire      #.........   100%        5    #######
 Bolt of Fire             Conj/Fire      #.........   100%        6    #######
 Ignition                 Hex/Fire       #.........   100%        8    #######
 Blink                    Tloc           Unusable     N/A         2    N/A

Dungeon Overview and Level Annotations

Branches:
Dungeon (12/12)            Temple (1/1) D:7            Lair (6/6) D:9
 Shoals (3/3) Lair:2       Spider (3/3) Lair:4        Slime (0/5) Orc
    Orc (1/1) D:8             Elf (0/3) Lair:6       Vaults (0/3) D:11
 Depths (0/5) D:12

Altars:
Ashenzari
Cheibriados
Dithmenos
Elyvilon
Fedhas
Gozag
Kikubaaqudgha
Nemelex Xobeh
Okawaru
Qazlal
Ru
Sif Muna
Trog
Uskayaw
Wu Jian
Xom
Yredelemnul
Zin
The Shining One
Jiyva

Shops:
D:4 (   D:9 ?   D:11 =   Orc ![!?=

Annotations:
Spider:1 exclusion: orange crystal statue
Spider:3 Louise


Innate Abilities, Weirdness & Mutations

You cannot be hasted, slowed, berserked, paralysed or teleported.
You can dig through walls and to a lower floor.
Your four strong arms can wield two-handed weapons with a shield.
You have a pair of large antennae on your head. (SInv)


Message History

Press: ? - help, Shift-Dir - straight line, f/p - satyr
Aim: a satyr, wielding a +0 fustibalus and quivering 311 sling bullets (heavily wounded, unusually strong)
You throw a poisoned tomahawk.
The poisoned tomahawk closely misses the satyr.
A faun comes into view. It is wielding a +0 spear. x2
The satyr shoots a sling bullet.
The sling bullet hits you!!
* * * LOW HITPOINT WARNING * * *
No path to travel!
Throwing (i - inventory. (/) - cycle)
u - 320 poisoned tomahawks (quivered)
Press: ? - help, Shift-Dir - straight line, f/p - satyr
Aim: a satyr, wielding a +0 fustibalus and quivering 310 sling bullets (heavily wounded, unusually strong)
You throw a poisoned tomahawk.
The poisoned tomahawk closely misses the satyr.
The faun shouts!
The faun unwields a +0 spear.
The faun wields a +0 hunting sling.
The faun shoots a stone.
You reflect the stone off an invisible shield around you!
The stone hits the faun.
The satyr shoots a sling bullet.
The sling bullet hits you!!
You die...

.≈≈≈≈≈.<..≈)..≈P≈≈≈.....
≈≈≈≈≈≈.....P..{≈≈≈≈≈..≈.
≈≈≈≈≈......##..≈..≈≈≈P≈.
≈≈≈≈≈.....####.....≈....
≈≈≈≈..##...###(>.P≈≈≈...
≈≈..## ##....)†.†P≈≈≈##.
..## #....).P≈≈P≈≈.# ..
##.≈≈≈≈≈.P≈≈≈P≈.≈
#.@)≈≈≈≈≈≈≈≈≈P≈≈≈
##..≈≈≈≈≈≈≈P≈≈≈≈≈
#..≈≈≈≈≈P≈P≈≈≈.≈
...≈≈≈≈≈≈≈≈....
#...≈≈≈≈c≈≈...
#....≈≈≈≈≈≈≈≈ ......≈≈≈≈
..c..c≈≈≈≈


You could see a satyr and 2 fauns.

Vanquished Creatures
  Jorgrun (Spider:1)
  Polyphemus (Shoals:2)
  A kraken (Shoals:1)
  4 ghost moths
  An emperor scorpion (Spider:1)
  An entropy weaver (Spider:3)
  2 spark wasps (Spider:2)
  A minotaur (Gauntlet)
  4 merfolk impalers
  A fire dragon (Lair:6)
  8 hydras
  3 vault guards (D:11)
  2 catoblepae
  An ogre mage (D:12)
  A merfolk aquamancer (Shoals:3)
  Sonja (Lair:5)
  An alligator (Lair:6)
  A death knight (D:12)
  6 two-headed ogres
  7 dancing weapons (Spider:2)
  A satyr (Shoals:2)
  9 death yaks
  2 alligator snapping turtles (Shoals:1)
  An orc high priest (Orc)
  5 sea snakes
  2 fire crabs
  2 centaur warriors
  A swamp dragon (Lair:6)
  A glowing orange brain (Gauntlet)
  2 wolf spider zombies (D:12)
  A necromancer (D:12)
  2 orc knights (D:11)
  7 wolf spiders
  Pikel (D:8)
  2 wizards
  A deep elf mage (D:12)
  3 fauns
  5 orc sorcerers
  3 orb spiders
  2 naga magi (D:12)
  A moth of wrath (Spider:2)
  An ugly thing (Gauntlet)
  8 manticores
  Joseph (D:8)
  4 black mambas
  2 water nymphs (Shoals:1)
  4 merfolk sirens (Shoals:1)
  4 elephants (Lair:5)
  11 cane toads
  2 torpor snails
  8 demonic crawlers
  An efreet (D:12)
  A kobold demonologist (D:12)
  12 komodo dragons
  4 rime drakes
  9 jumping spiders
  3 freezing wraiths (D:12)
  3 polar bears
  Grinder (D:4)
  6 merfolk
  A hornet (Spider:2)
  5 trolls
  4 slime creatures (D:12)
  A wind drake (Shoals:1)
  2 dream sheep (Shoals:1)
  19 blink frogs
  2 snapping turtles
  Grum (Lair:2)
  A meliai zombie (D:12)
  18 hippogriffs
  14 tarantellas
  A shadow (D:11)
  A vampire (D:12)
  A spriggan (D:8)
  3 wraiths
  4 water elementals
  A human (D:11)
  10 wyverns
  9 basilisks
  36 yaks
  4 hungry ghosts
  3 fire bats (Gauntlet)
  2 steam dragons (Lair:6)
  A warg (D:8)
  22 redbacks
  5 vampire mosquitoes
  20 crocodiles
  2 acid dragons
  15 water moccasins
  A meliai simulacrum (D:12)
  13 porcupines
  A hornet zombie (D:12)
  16 orc warriors
  2 swamp drakes (Lair:6)
  2 phantoms
  9 ogres
  A black bear (D:11)
  9 wolves
  6 kobold brigands
  Blork the orc (D:6)
  14 bullfrogs
  21 centaurs
  3 scorpions
  3 wights (D:6)
  5 howler monkeys
  15 orc priests
  8 crimson imps
  A hound (D:8)
  A quasit (D:6)
  Crazy Yiuf (D:5)
  27 orc wizards
  2 gnoll shamans (D:6)
  7 iguanas
  14 worker ants
  A howler monkey zombie (D:6)
  A howler monkey skeleton (D:4)
  2 worker ant zombies
  8 adders
  12 gnolls
  3 shadow imps
  An ooze (D:3)
  An adder skeleton (D:4)
  3 worms
  2 dart slugs
  A leopard gecko (D:3)
  47 orcs
  4 bats
  11 giant cockroaches
  3 goblins (D:2)
  8 hobgoblins
  7 jackals
  29 kobolds
  5 quokkas
  A ball python (D:4)
  7 frilled lizards
  A jackal skeleton (D:4)
  3 rats
  A spectral orc (D:6)
  A bush (D:8)
  3 plants
  A tentacle (Shoals:1)
745 creatures vanquished.

Vanquished Creatures (others)
  A satyr (Shoals:2)
  A centaur warrior (D:9)
  A cyclops (Shoals:1)
  A yaktaur (D:11)
  A rime drake (Lair:6)
  A blink frog (Lair:4)
  2 orc warriors
  2 slaves (D:8)
  3 centaurs
  3 kobolds
  27 fungi
  29 plants
  7 tentacles (Shoals:1)
79 creatures vanquished.

Grand Total: 824 creatures vanquished

Notes
Turn   | Place    | Note
-------+----------+-------------------------------------------
     0 | D:1      | Grimmash the Formicid Archaeologist began the quest for the
                  | Orb.
     0 | D:1      | Reached XP level 1. HP: 15/15 MP: 1/1
   349 | D:1      | Reached XP level 2. HP: 21/21 MP: 2/2
  1094 | D:2      | Reached XP level 3. HP: 22/26 MP: 3/3
  1383 | D:2      | Found a blossoming altar of Fedhas.
  1637 | D:2      | Reached XP level 4. HP: 8/32 MP: 4/4
  1839 | D:2      | Reached skill level 1 in Armour
  2700 | D:3      | Reached XP level 5. HP: 24/38 MP: 5/5
  2700 | D:3      | Identified a scroll of acquirement
  2708 | D:3      | Identified the +8 crystal plate armour "Ywurog" {+Blink
                  | Slay+3 SInv} (You acquired it on level 3 of the Dungeon)
  3147 | D:3      | Reached XP level 6. HP: 17/44 MP: 6/6
  3690 | D:4      | Noticed Grinder
  3700 | D:5      | Entered Level 5 of the Dungeon
  3955 | D:5      | Found a white marble altar of Elyvilon.
  4072 | D:5      | Reached XP level 7. HP: 47/51 MP: 7/7
  4221 | D:5      | Found a glowing golden altar of the Shining One.
  4230 | D:5      | Reached skill level 1 in Bows
  4288 | D:5      | Found a glowing silver altar of Zin.
  4523 | D:5      | Found a runed door.
  4744 | D:4      | Killed Grinder
  4745 | D:4      | Reached skill level 5 in Maces & Flails
  4745 | D:4      | Reached XP level 8. HP: 58/58 MP: 8/8
  4822 | D:4      | Noticed a hippogriff
  4992 | D:4      | Found a shattered altar of Ashenzari.
  5050 | D:4      | Found Eghyum's Antique Weapon Shop.
  5053 | D:4      | Bought a glowing war axe for 195 gold pieces
  5180 | D:4      | Killed a hippogriff
  5243 | D:4      | Found a transporter.
  5255 | D:4      | Noticed a yak
  5276 | D:4      | Found a transporter.
  5335 | D:4      | Found a snail-covered altar of Cheibriados.
  5370 | D:4      | Killed a yak
  5371 | D:4      | Reached skill level 1 in Axes
  5371 | D:4      | Reached XP level 9. HP: 52/65 MP: 9/9
  5404 | D:4      | Became a worshipper of Cheibriados the Contemplative
  6011 | D:6      | Noticed Blork the orc
  6017 | D:6      | Killed Blork the orc
  6018 | D:6      | Reached skill level 1 in Invocations
  6138 | D:6      | Reached skill level 1 in Evocations
  6228 | D:6      | Reached * piety under Cheibriados
  6433 | D:6      | Noticed a troll
  6444 | D:6      | Killed a troll
  6445 | D:6      | Reached skill level 5 in Dodging
  6507 | D:6      | Reached skill level 5 in Bows
  6584 | D:6      | Found a shimmering blue altar of Sif Muna.
  6643 | D:6      | Reached XP level 10. HP: 72/73 MP: 11/11
  6651 | D:6      | Found a basalt altar of Yredelemnul.
  7059 | D:2      | Found a blossoming altar of Fedhas.
  8153 | D:5      | Noticed Crazy Yiuf
  8155 | D:5      | Killed Crazy Yiuf
  8335 | D:7      | Reached ** piety under Cheibriados
  8336 | D:7      | Reached skill level 5 in Axes
  8451 | D:7      | Reached skill level 5 in Fighting
  8454 | D:7      | Reached skill level 5 in Armour
  8480 | D:7      | Found a staircase to the Ecumenical Temple.
  8498 | Temple   | Entered the Ecumenical Temple
  9275 | D:8      | Noticed Pikel
  9294 | D:8      | Noticed Joseph
  9298 | D:8      | Killed Pikel
  9299 | D:8      | Reached skill level 1 in Shields
  9309 | D:8      | Killed Joseph
  9421 | D:8      | Identified the +11 halberd of Psychosis {flame, rC+++ Dex-2
                  | Stlth+}
  9681 | D:8      | Reached *** piety under Cheibriados
  9842 | D:8      | Reached skill level 1 in Polearms
  9844 | D:8      | Found a staircase to the Orcish Mines.
 10016 | D:8      | Reached XP level 11. HP: 80/80 MP: 13/13
 10216 | D:9      | Found Qeipicia's Magic Scroll Shoppe.
 10256 | D:9      | Found a stormy altar of Qazlal.
 10336 | D:9      | Noticed a centaur warrior
 10338 | D:9      | Killed a centaur warrior
 10420 | D:9      | Reached **** piety under Cheibriados
 10453 | D:9      | Found a staircase to the Lair.
 10611 | D:9      | Found a sacrificial altar of Ru.
 10759 | D:10     | Entered Level 10 of the Dungeon
 11646 | Lair:1   | Entered Level 1 of the Lair of Beasts
 11651 | Lair:1   | Reached ***** piety under Cheibriados
 12083 | Lair:1   | Reached skill level 5 in Polearms
 12083 | Lair:1   | Reached XP level 12. HP: 81/89 MP: 15/15
 12374 | Lair:2   | Found a gate leading to a gauntlet.
 12389 | Lair:2   | Noticed Grum
 12401 | Lair:2   | Killed Grum
 12408 | Gauntlet | Entered a Gauntlet
 12408 | Gauntlet | Found a transporter.
 12485 | Gauntlet | Found a transporter.
 12500 | Gauntlet | Found a transporter.
 12506 | Gauntlet | Found a transporter.
 12527 | Gauntlet | Found a transporter.
 12528 | Gauntlet | Noticed a catoblepas
 12538 | Gauntlet | Noticed a green death
 12540 | Gauntlet | Found a transporter.
 12552 | Gauntlet | Found a transporter.
 12552 | Gauntlet | Noticed a hell hog
 12564 | Gauntlet | Found a transporter.
 12576 | Gauntlet | Found a transporter.
 12582 | Gauntlet | Found a transporter.
 12584 | Gauntlet | Found a transporter.
 12584 | Gauntlet | Found a transporter.
 12592 | Gauntlet | Noticed a glowing orange brain
 12601 | Gauntlet | Found a transporter.
 12618 | Gauntlet | Found a transporter.
 12637 | Gauntlet | Found a transporter.
 12662 | Gauntlet | Noticed a fire crab
 12663 | Gauntlet | Found a transporter.
 12689 | Gauntlet | Found a transporter.
 12691 | Gauntlet | Found a transporter.
 12807 | Gauntlet | Identified the cursed +1 executioner's axe of Rozovuimy
                  | {drain, rF+ Str+3 Int-4 Dex+6}
 12807 | Gauntlet | Noticed a minotaur
 12899 | Gauntlet | Killed a fire crab
 13103 | Gauntlet | Reached skill level 5 in Evocations
 13133 | Gauntlet | Killed a glowing orange brain
 13159 | Gauntlet | Got a crude cloak
 13165 | Gauntlet | Identified the cursed -4 cloak "Metegy" {Int+5} (You found
                  | it in a Gauntlet)
 13211 | Gauntlet | Killed a minotaur
 13327 | Lair:2   | Reached skill level 5 in Invocations
 13482 | Lair:2   | Noticed an eight-headed hydra
 13493 | Lair:2   | Killed a five-headed hydra
 13494 | Lair:2   | Reached skill level 5 in Shields
 13648 | Lair:2   | Found a staircase to the Shoals.
 13723 | Lair:2   | Reached ****** piety under Cheibriados
 13745 | Lair:2   | Reached XP level 13. HP: 96/96 MP: 17/17
 13868 | Lair:2   | Noticed a seven-headed hydra
 13877 | Lair:2   | Killed a two-headed hydra
 14386 | Lair:3   | Noticed a catoblepas
 14404 | Lair:3   | Killed a catoblepas
 15173 | Lair:4   | Reached XP level 14. HP: 79/105 MP: 18/18
 15379 | Lair:4   | Found a hole to the Spider Nest.
 16586 | Lair:5   | Noticed Sonja
 16589 | Lair:5   | Killed Sonja
 16997 | Lair:6   | Entered Level 6 of the Lair of Beasts
 17010 | Lair:6   | Reached skill level 10 in Polearms
 17383 | Lair:6   | Got a bloodstained battleaxe
 17385 | Lair:6   | Identified the +9 battleaxe "Qeonodgh" {chop, rElec rPois
                  | Int+3} (You found it on level 6 of the Lair of Beasts)
 17641 | Lair:6   | Reached XP level 15. HP: 76/112 MP: 20/20
 17797 | Lair:6   | Found a staircase to the Elven Halls.
 18445 | D:11     | Found Qaaveosu's Jewellery Shop.
 18456 | D:11     | Bought the ring "Katzagupt" {Str+3 Slay+4} for 680 gold
                  | pieces
 18843 | D:11     | Found a gate to the Vaults.
 19134 | D:12     | Entered Level 12 of the Dungeon
 20188 | D:12     | Found a staircase to the Depths.
 20375 | Orc      | Entered the Orcish Mines
 20434 | Orc      | Reached XP level 16. HP: 120/120 MP: 21/21
 20447 | Orc      | Found Tikin's Distillery.
 20454 | Orc      | Bought a potion of heal wounds for 80 gold pieces
 20454 | Orc      | Bought a potion of heal wounds for 80 gold pieces
 20599 | Orc      | Found a staircase to the Slime Pits.
 20600 | Orc      | Found a viscous altar of Jiyva.
 21000 | Orc      | Found Igatah's Armour Emporium.
 21000 | Orc      | Found Duihupra's Distillery.
 21005 | Orc      | Found Cuykk's Jewellery Shoppe.
 21007 | Orc      | Found Fueg's Magic Scroll Shoppe.
 21358 | Orc      | Bought a +6 amulet of reflection for 661 gold pieces
 21546 | Spider:1 | Entered Level 1 of the Spider Nest
 22692 | Spider:1 | Noticed Jorgrun
 22705 | Spider:1 | Killed Jorgrun
 23221 | Spider:2 | Reached skill level 10 in Axes
 23234 | Spider:2 | Reached skill level 10 in Bows
 23280 | Spider:2 | Reached skill level 1 in Throwing
 23606 | Spider:2 | Reached skill level 10 in Shields
 23738 | Spider:2 | Found a runed door.
 23823 | Spider:2 | Reached skill level 10 in Armour
 23838 | Spider:2 | Reached skill level 10 in Maces & Flails
 23838 | Spider:2 | Reached skill level 1 in Slings
 23969 | Spider:3 | Entered Level 3 of the Spider Nest
 23979 | Spider:3 | Reached skill level 10 in Fighting
 23979 | Spider:3 | Noticed Louise
 23982 | Spider:3 | Reached XP level 17. HP: 106/128 MP: 1/23
 24157 | Shoals:1 | Entered Level 1 of the Shoals
 24279 | Shoals:1 | Found a flickering gateway to a bazaar.
 24284 | Shoals:1 | Noticed a kraken
 24288 | Bazaar   | Entered a bazaar
 24318 | Bazaar   | Found Movin's Book Shop.
 24332 | Bazaar   | Found Seicoem's Jewellery Shop.
 24379 | Shoals:1 | Killed a kraken
 25414 | Shoals:3 | Entered Level 3 of the Shoals
 25474 | Shoals:2 | Noticed Polyphemus
 25492 | Shoals:2 | Killed Polyphemus
 25529 | Shoals:2 | Shot with a sling bullet by a satyr

Skill      XL: |  1  2  3  4  5  6  7  8  9 10 11 12 13 14 15 16 17 |
---------------+----------------------------------------------------+-----
Dodging        | 3 4 5 6 7 8 9 |  9.1
Maces & Flails | 2 3 4 5 6 7 8 9 10 | 10.3
Armour         | 2 3 4 5 6 7 8 9 10 | 10.3
Fighting       | 2 3 4 5 6 7 8 9 10 | 10.2
Bows           | 2 4 5 6 7 8 9 10 | 10.5
Axes           | 1 4 6 7 9 10 | 10.9
Invocations    | 1 2 4 5 6 7 8 9 |  9.0
Evocations     | 2 3 4 5 6 7 8 9 |  9.0
Shields        | 2 3 5 6 8 9 10 11 | 11.0
Polearms       | 1 5 7 9 10 11 | 11.9
Throwing       | 1 |  1.6
Slings         | 1 2 |  2.8
Stealth        | |  4.5

Action                   |  1- 3 |  4- 6 |  7- 9 | 10-12 | 13-15 | 16-18 || total
-------------------------+-------+-------+-------+-------+-------+-------++-------
Melee: Whip              |    51 |       |       |       |       |       ||    51
       Mace              |    95 |    68 |       |       |       |       ||   163
       Flail             |       |   133 |    44 |       |       |       ||   177
       War axe           |       |       |   127 |    86 |       |       ||   213
       Halberd           |       |       |       |   245 |   449 |   183 ||   877
       Battleaxe         |       |       |       |       |   134 |   216 ||   350
 Fire: Shortbow          |       |    12 |    60 |   146 |    72 |    50 ||   340
Throw: Javelin           |       |     7 |     5 |     4 |     4 |     1 ||    21
       Tomahawk          |       |       |       |       |       |    62 ||    62
Invok: Temporal Distorti |       |       |       |       |     1 |       ||     1
       Step From Time    |       |       |       |       |       |     1 ||     1
       Bend Time         |       |       |       |       |       |     1 ||     1
 Abil: Dig               |       |     1 |       |       |     4 |     2 ||     7
Evoke: Wand              |       |       |       |       |     1 |     1 ||     2
       Box of beasts     |       |       |       |       |       |     1 ||     1
  Use: Potion            |       |     3 |       |       |     4 |     6 ||    13
       Scroll            |       |     8 |     1 |     8 |     5 |    10 ||    32
 Stab: Sleeping          |     4 |       |       |       |       |       ||     4
  Eat: Chunk             |     6 |    12 |    12 |    24 |    33 |    24 ||   111
       Ration            |       |     1 |     1 |     2 |     1 |     1 ||     6
Armor: Robe              |    15 |       |       |       |       |       ||    15
       Chain mail        |    76 |    33 |       |       |       |       ||   109
       Crystal plate arm |       |   151 |   212 |   207 |   320 |   199 ||  1089
Dodge: Dodged            |    80 |    36 |    36 |   100 |   252 |   162 ||   666
Block: Other             |       |       |     2 |     2 |       |       ||     4
       Buckler           |       |       |       |   226 |   299 |       ||   525
       Reflection        |       |       |       |    28 |    42 |    24 ||    94
       Medium shield     |       |       |       |       |   182 |   450 ||   632
